 Dungeon Crawl Stone Soup version 0.22-a0-605-g9281fa2 (webtiles) character file.

226 Hebeh the Magician (level 5, -1/42 HPs)
             Began as a Deep Elf Fire Elementalist on July 8, 2018.
             Slain by Edmund
             ... wielding a +2 flail of protection
              (4 damage)
             ... on level 4 of the Dungeon.
             The game lasted 00:19:23 (3680 turns).

Hebeh the Magician (Deep Elf Fire Elementalist)     Turns: 3680, Time: 00:19:24

Health: -1/42      AC: 22    Str:  5    XL:     5   Next: 69%
Magic:  6/14       EV:  2    Int: 21    God:
Gold:   93         SH:  0    Dex: 15    Spells: 7/13 levels left

rFire    . . .     SeeInvis .   a - +0 short sword
rCold    . . .     Gourm    .   (no shield)
rNeg     + + +     Faith    .   (armour currently unavailable)
rPois    +         Spirit   .   (helmet currently unavailable)
rElec    .         Reflect  .   (cloak currently unavailable)
rCorr    .         Harm     .   (gloves currently unavailable)
MR       .....     NoTele   +   (boots currently unavailable)
Stlth    ++........             (no amulet)
HPRegen  0.14/turn              (no ring)
MPRegen  0.14/turn              (no ring)

@: tree-form
A: no striking features
a: no special abilities


You were on level 4 of the Dungeon.
You were hungry.
You were a tree.
You visited 1 branch of the dungeon, and saw 4 of its levels.

You collected 93 gold pieces.

Inventory:

Hand Weapons
 a - a +0 short sword (weapon)
Missiles
 d - 112 stones (quivered)
Armour
 b - a +0 robe (melded)
Magical Staves
 n - an uncursed staff of earth
Wands
 p - a wand of iceblast (6)
Scrolls
 f - 4 scrolls of teleportation {unknown}
 h - 3 scrolls of noise {unknown}
 j - 5 scrolls of identify {unknown}
 k - 3 scrolls of remove curse {unknown}
 m - a scroll of enchant weapon {unknown}
Potions
 e - 4 potions of curing {unknown}
 g - a potion of lignification
 i - a potion of degeneration {unknown}
 o - a potion of heal wounds {unknown}
Comestibles
 c - 3 rations


   Skills:
 - Level 2.4 Dodging
 + Level 3.6 Stealth
 * Level 4.9 Spellcasting
 * Level 3.3 Conjurations
 * Level 4.8 Fire Magic


You had 7 spell levels left.
You knew the following spells:

 Your Spells              Type           Power        Failure   Level  Hunger
a - Flame Tongue          Conj/Fire      ###..        1%          1    None
b - Throw Flame           Conj/Fire      ###...       3%          2    None
c - Conjure Flame         Conj/Fire      ###.....     6%          3    ##.....

Your spell library contained the following spells:

 Spells                   Type           Power        Failure   Level  Hunger
 Fireball                 Conj/Fire      ###.......   50%         5    #####..
 Sticky Flame             Conj/Fire      ###.....     21%         4    ####...
 Inner Flame              Hex/Fire       ###.....     12%         3    ##.....


Dungeon Overview and Level Annotations

Branches:
Dungeon (4/15)
 Temple: D:4-7

Altars:
Uskayaw
Wu Jian

Annotations:
D:4 Edmund


Message History

You hit Edmund but do no damage.
Edmund is moderately wounded.
Edmund hits you but does no damage.
You hit Edmund.
Edmund is heavily wounded.
Edmund says, "I'm quite good with sums, too."
Edmund hits you but does no damage.
You hit Edmund but do no damage.
Edmund is heavily wounded.
Edmund hits you but does no damage.
You hit Edmund but do no damage.
Edmund is heavily wounded.
Edmund hits you but does no damage.
You hit Edmund but do no damage.
Edmund is heavily wounded.
Edmund hits you but does no damage.
You hit Edmund but do no damage.
Edmund is heavily wounded.
Edmund hits you with a flail of protection.
You die...

### ..#
##.#+#####
.)....(..
##.####).......
#......♣.......
#.>....@.....##
#.........##.#
#...#####.# #..
.# #. .. # ##


You could see Edmund.

Vanquished Creatures
  2 orc priests
  Jessica (D:2)
  4 adders
  An ooze (D:2)
  3 dart slugs
  2 leopard geckos
  5 orcs
  A ball python (D:2)
  8 giant cockroaches
  8 hobgoblins
  9 jackals
  4 kobolds
  12 bats
  3 frilled lizards
  11 goblins
  9 rats
83 creatures vanquished.

Notes
Turn   | Place    | Note
-------+----------+-------------------------------------------
     0 | D:1      | Hebeh the Deep Elf Fire Elementalist began the quest for the Orb.
     0 | D:1      | Reached XP level 1. HP: 10/10 MP: 6/6
   237 | D:1      | Reached XP level 2. HP: 15/15 MP: 5/8
   470 | D:1      | Learned a level 2 spell: Throw Flame
   622 | D:1      | Reached XP level 3. HP: 19/19 MP: 3/10
  1421 | D:2      | Reached XP level 4. HP: 24/24 MP: 0/12
  1833 | D:2      | Found a faded altar of an unknown god.
  1864 | D:2      | Noticed Jessica
  1866 | D:2      | Killed Jessica
  2800 | D:2      | Learned a level 3 spell: Conjure Flame
  2807 | D:3      | Reached XP level 5. HP: 13/28 MP: 6/13
  2999 | D:3      | Found an ornate altar of the Wu Jian Council.
  3340 | D:3      | Found a hide-covered altar of Uskayaw.
  3654 | D:4      | Noticed Edmund
  3668 | D:4      | HP: 2/42 [Edmund/flail of protection (3)]
  3673 | D:4      | HP: 2/42 [Edmund/flail of protection (1)]
  3680 | D:4      | Slain by Edmund

Vault maps used:
D:1:      nagdon_arrival_double_spiral, kennysheep_crisscross
D:2:      chequers_ecumenical_altar_island, kennysheep_nondescript,
          kennysheep_small_spiral, uniq_jessica
D:3:      lemuel_crystal_altar, nicolae_overflow_crystal_walls, first_ration,
          minmay_misc_feat_x, minmay_misc_feat_iff
D:4:      xom_teletrap_fun, nrook_loot_triangle, kennysheep_slug_shrine,
          uniq_edmund

Skill      XL: |  1  2  3  4  5 |
---------------+----------------+-----
Conjurations   | 2 3 |  3.3
Fire Magic     | 4 |  4.8
Spellcasting   | 4 |  4.9
Stealth        | 3 |  3.6
Dodging        | |  2.4

Action                   |  1- 3 |  4- 6 || total
-------------------------+-------+-------++-------
Melee: Short sword       |       |    24 ||    24
Throw: Stone             |    21 |       ||    21
 Cast: Flame Tongue      |    55 |    46 ||   101
       Throw Flame       |    20 |    18 ||    38
  Use: Potion            |       |     1 ||     1
  Eat: Chunk             |     2 |     3 ||     5
       Ration            |       |     1 ||     1
Armor: Robe              |     5 |     1 ||     6
       Skin              |       |     9 ||     9
Dodge: Dodged            |    11 |    13 ||    24

Table legend:
 A = Spawn XP
 B = Non-spawn XP
 C = Spawn XP percentage of total XP
 D = Spawn monster count
 E = Non-spawn monster count
 F = Spawn count percentage of total count
 G = Total turns spent on level
                    A         B        C        D         E        F      G
               +---------+---------+-------+---------+---------+-------+---------
         Total |       0 |     323 |   0.0 |       0 |      83 |   0.0 |  3680
               +---------+---------+-------+---------+---------+-------+---------
           D:1 |       0 |      56 |   0.0 |       0 |      33 |   0.0 |  1091
           D:2 |       0 |     108 |   0.0 |       0 |      31 |   0.0 |  1700
           D:3 |       0 |     112 |   0.0 |       0 |      16 |   0.0 |   863
           D:4 |       0 |      47 |   0.0 |       0 |       3 |   0.0 |    26
               +---------+---------+-------+---------+---------+-------+---------
